 Seeded DCSS version 0.31-a0-986-g5e6e4ef867 (webtiles) character file.

Game seed: 10330998962624985796 (custom seed)

1874 Hubris850 the Nimble (level 9, 0/63 (65) HPs)
             Began as a Merfolk Ice Elementalist on Nov 9, 2023.
             Was a Priest of Sif Muna.
             Slain by a rust devil (11 damage)
             ... summoned by a kobold demonologist
             ... on level 6 of the Dungeon.
             The game lasted 00:18:05 (6019 turns).

Hubris850 the Nimble (Merfolk Ice Elementalist)     Turns: 6019, Time: 00:18:06

HP:   0/63 (65)     AC: -4    Str:  8    XL:     9   Next: 14%
MP:   9/13          EV: 13    Int: 15    God:    Sif Muna [***...]
Gold: 85            SH:  7    Dex: 18    Spells: 7/14 levels left

rFire   + . .        G - +9 lance "Wyrmbane" {slay drac, rPois rF+ rC+ AC+3}
rCold   + . .        F - +2 buckler {rN+}
rNeg    + . .        H - +0 swamp dragon scales
rPois   +            A - +0 helmet
rElec   .            (no cloak)
rCorr   .            (no gloves)
SInv    .            r - +0 pair of boots
Will    +....        (no amulet)
Stlth   ++           y - ring of willpower
HPRegen 0.30/turn    (no ring)
MPRegen 0.13/turn

%: no passive effects
@: corroded, lightly drained
A: (nimble swimmer 2), mertail
a: Renounce Religion, Channel Magic, Forget Spell


You were on level 6 of the Dungeon.
You worshipped Sif Muna.
Sif Muna was most pleased with you.
You visited 1 branch of the dungeon, and saw 6 of its levels.

You collected 260 gold pieces.
You spent 175 gold pieces at shops.

Inventory:

Hand Weapons
 i - a +0 dagger
 j - the +6 dagger "Kuagoppao" {freeze, Will+ Str+5 Int+2}
   (You found it on level 2 of the Dungeon)

   Str+5:     It affects your strength (+5).
   Int+2:     It affects your intelligence (+2).
   Will+:     It increases your willpower.
 n - a +0 war axe of electrocution
 G - the +9 lance "Wyrmbane" (weapon) {slay drac, rPois rF+ rC+ AC+3}
   (You took it off Maggie on level 6 of the Dungeon)

   AC+3:      It affects your AC (+3).
   rF+:       It protects you from fire.
   rC+:       It protects you from cold.
   rPois:     It protects you from poison
Missiles
 D - 6 poisoned darts
Armour
 a - a +0 robe
 r - a +0 pair of boots (worn)
 A - a +0 helmet (worn)
 F - a +2 buckler of positive energy (worn)
 H - +0 swamp dragon scales (worn)
Jewellery
 y - a ring of willpower (left hand)
Wands
 l - a wand of iceblast (9)
 v - a wand of flame (27)
 C - a wand of paralysis (13)
Scrolls
 c - 2 scrolls of enchant armour
 d - 2 scrolls of teleportation {unknown}
 e - 3 scrolls of blinking {unknown}
 f - 2 scrolls of identify {unknown}
 g - a scroll of noise {unknown}
 o - a scroll of enchant weapon {unknown}
 p - a scroll of torment {unknown}
 u - a scroll of amnesia {unknown}
 x - a scroll of revelation {unknown}
 E - 2 scrolls of silence {unknown}
Potions
 b - a potion of magic
 h - a potion of cancellation {unknown}
 m - a potion of mutation {unknown}
 q - a potion of enlightenment {unknown}
 s - a potion of curing
 t - a potion of degeneration {unknown}
 z - a potion of ambrosia {unknown}
 B - 3 potions of lignification {unknown}


   Skills:
 - Level 4.0 Fighting
 + Level 5.5 Polearms
 - Level 8.4 Dodging
 - Level 4.0 Stealth
 - Level 4.0 Shields
 - Level 3.0 Spellcasting
 - Level 7.4 Ice Magic


You had 7 spell levels left.
You knew the following spells:

 Your Spells              Type           Power      Damage    Failure   Level
a - Freeze                Ice            96%        1d10      4%          1
b - Frozen Ramparts       Ice            48%        1d8       14%         3
c - Ozocubu's Armour      Ice            24%        N/A       14%         3

Your spell library contained the following spells:

 Spells                   Type           Power      Damage    Failure   Level
 Slow                     Hex            8%         N/A       67%         1
 Summon Ice Beast         Ice/Summ       13%        N/A       91%         4
 Confusing Touch          Hex            2%         N/A       96%         3
 Sigil of Binding         Hex            2%         N/A       96%         3
 Vampiric Draining        Necr           2%         2d6       96%         3


Dungeon Overview and Level Annotations

Branches:
Dungeon (6/15)
 Temple: D:4-7

Altars:
Dithmenos
Fedhas
Ru
Sif Muna
Wu Jian
Zin

Shops:
D:3 (:?   D:5 [

Annotations:
D:4 3 runed translucent doors, SaltyWalty's ghost, amateur KoHu
D:5 exclusion: oklob plant


Innate Abilities, Weirdness & Mutations

((You are very nimble when in or above water. (Stealth+, EV+, Speed+++)))
Your lower body shifts to a powerful aquatic tail in water.


Message History

Okay, then.
Unknown command.
The barbed spikes dig painfully into your body as you move.
* * * LOW HITPOINT WARNING * * *
The kobold demonologist mumbles some strange words.
Okay, then.
Unknown command.
You feel much better. The rust devil hits you. The rust devil corrodes you!
You hit the rust devil but do no damage.
The rust devil is lightly wounded.
The rust devil barely misses you.
You hit the rust devil but do no damage.
The rust devil is lightly wounded.
You block the rust devil's attack.
You hit the rust devil but do no damage.
The rust devil is lightly wounded.
The rust devil closely misses you.
The kobold demonologist casts a spell.
You barely miss the rust devil.
The rust devil is lightly wounded.
The ufetubus disappears in a puff of smoke!
The rust devil hits you. The rust devil corrodes you!
You closely miss the rust devil.
The rust devil is lightly wounded.
The crimson imp blinks!
The rust devil hits you. The rust devil corrodes you!
You closely miss the rust devil.
The rust devil is lightly wounded.
You carefully extract the barbed spikes from your body.
You hit the rust devil.
The rust devil is lightly wounded.
The rust devil barely misses you.
You hit the rust devil.
The rust devil is moderately wounded.
The rust devil hits you!
* * * LOW HITPOINT WARNING * * *
The rust devil corrodes you!
You barely miss the rust devil.
The rust devil is moderately wounded.
The rust devil hits you!
You die...

#.# #.#†# #.#
#.# #.#.# #.#
#.# #.#.# #.#
#.#
#.#.#######.#
.#
#...........#
###.#########
#.#
#.##########
#...@4K4K5(#
#######4#..#
... # ....~
K..~~##
.#~~### .#~~#
.#~~#


You could see a rust devil (summoned), a kobold demonologist, a chaos spawn
(summoned), a red devil (summoned), a kobold brigand and a crimson imp
(summoned).

Vanquished Creatures
  Maggie (D:6)
  A kobold demonologist (D:6)
  Menkaure (D:5)
  2 black bears
  An ice beast (D:4)
  A kobold brigand (D:5)
  2 scorpions
  Blork the orc (D:6)
  A howler monkey (D:5)
  An orc priest (D:5)
  4 hounds (D:5)
  3 jellies
  A sleepcap (D:5)
  Ijyb (D:5)
  5 iguanas
  4 orc wizards (D:5)
  4 adders
  3 gnolls (D:4)
  A white imp (D:6)
  A worm (D:4)
  3 dart slugs
  8 orcs
  6 endoplasms
  2 giant cockroaches (D:2)
  4 goblins
  6 hobgoblins
  2 jackals (D:4)
  26 kobolds
  3 quokkas
  3 ball pythons
  7 bats
  3 frilled lizards
112 creatures vanquished.

Notes
Turn   | Place    | Note
-------+----------+-------------------------------------------
     0 | D:1      | Hubris850 the Merfolk Ice Elementalist began the quest for
                  | the Orb.
     0 | D:1      | Reached XP level 1. HP: 13/13 MP: 3/3
   585 | D:1      | Reached skill level 3 in Dodging
   623 | D:1      | Reached XP level 2. HP: 14/19 MP: 0/5
   896 | D:2      | Identified the +6 dagger "Kuagoppao" {freeze, Will+ Str+5
                  | Int+2}
  1089 | D:2      | Reached XP level 3. HP: 24/24 MP: 6/6
  1424 | D:2      | Found a faded altar of an unknown god.
  1468 | D:2      | Reached skill level 4 in Dodging
  1472 | D:2      | Prayed at the altar of an unknown god.
  1472 | D:2      | Became a worshipper of Sif Muna the Loreminder
  1472 | D:2      | Reached * piety under Sif Muna
  2074 | D:3      | Reached XP level 4. HP: 30/30 MP: 7/7
  2227 | D:3      | Found Giblul's Weapon Boutique.
  2348 | D:3      | Found Testamme's Book Emporium.
  2489 | D:3      | Found Vaulelo's Magic Scroll Shoppe.
  2530 | D:4      | Noticed a scorpion
  2558 | D:3      | Learned a level 3 spell: Frozen Ramparts
  2562 | D:3      | Learned a level 3 spell: Ozocubu's Armour
  2665 | D:4      | Killed a scorpion
  2666 | D:4      | Reached skill level 5 in Dodging
  2666 | D:4      | Reached XP level 5. HP: 10/35 MP: 4/8
  2792 | D:4      | Found an ornate altar of the Wu Jian Council.
  2819 | D:4      | Noticed an ice beast
  2830 | D:4      | Killed an ice beast
  2830 | D:4      | Reached ** piety under Sif Muna
  2831 | D:4      | Reached skill level 5 in Ice Magic
  2831 | D:4      | Reached XP level 6. HP: 34/41 MP: 8/10
  2901 | D:4      | Found a sacrificial altar of Ru.
  2913 | D:4      | Found a shadowy altar of Dithmenos.
  3046 | D:4      | Reached skill level 6 in Dodging
  3275 | D:4      | Found a runed translucent gate.
  3275 | D:4      | Found a runed translucent gate.
  3275 | D:4      | Found a runed translucent gate.
  3276 | D:4      | Noticed an orc warrior
  3279 | D:4      | Identified the +1 leather armour of Dangucup {rPois}
  3285 | D:4      | Noticed SaltyWalty's ghost (amateur KoHu)
  3594 | D:5      | Entered Level 5 of the Dungeon
  3713 | D:5      | Noticed Ijyb
  3722 | D:5      | Identified the +0 whip of Law {pain, rC- Int+6}
  3728 | D:5      | Reached XP level 7. HP: 19/46 MP: 4/11
  3735 | D:5      | HP: 1/46 [Ijyb/+2 dagger of venom (2)]
  3738 | D:5      | Killed Ijyb
  3914 | D:5      | Reached skill level 7 in Dodging
  4204 | D:5      | HP: 1/46 [kobold brigand/+0 whip (9)]
  4210 | D:5      | Reached skill level 8 in Dodging
  4263 | D:5      | Reached XP level 8. HP: 16/52 MP: 12/12
  4410 | D:5      | Reached *** piety under Sif Muna
  4621 | D:5      | Found Rimm's Armour Emporium.
  4624 | D:5      | Bought a +1 buckler of positive energy for 175 gold pieces
  4786 | D:5      | Reached skill level 1 in Fighting
  4893 | D:5      | Noticed Menkaure
  4908 | D:5      | Killed Menkaure
  4909 | D:5      | Reached skill level 1 in Shields
  5099 | D:5      | Found a blossoming altar of Fedhas.
  5113 | D:5      | Noticed an oklob plant
  5476 | D:6      | HP: 2/57 [acid (7)]
  5744 | D:6      | Noticed Maggie
  5752 | D:6      | Killed Maggie
  5832 | D:6      | Noticed Blork the orc
  5843 | D:6      | Killed Blork the orc
  5844 | D:6      | Reached skill level 1 in Polearms
  5850 | D:6      | Found a glowing silver altar of Zin.
  5850 | D:6      | Noticed an angel
  5961 | D:6      | Noticed a kobold demonologist
  5966 | D:6      | Noticed a kobold demonologist
  5978 | D:6      | Noticed a ynoxinul
  5982 | D:6      | Noticed a red devil
  5983 | D:6      | Noticed a red devil
  5984 | D:6      | Killed a kobold demonologist
  5985 | D:6      | Reached skill level 5 in Polearms
  5985 | D:6      | Reached XP level 9. HP: 59/65 MP: 8/13
  5985 | D:6      | Noticed a soul eater
  6005 | D:6      | Noticed a rust devil
  6008 | D:6      | Noticed a red devil
  6019 | D:6      | Slain by a rust devil

Illustrated notes

Levels and vault maps discovered:
D:1:      dpeg_arrival_arbitrary_c, layout_loops_corners
D:2:      layout_basic, shapermc_ecumenical_altar_totnotflames
D:3:      layout_rooms, serial_shops, shop, shop, nicolae_shop_rolled_up,
          minmay_misc_feat_square, minmay_misc_feat_nine_boxes
D:4:      layout_rooms, nicolae_dithmenos_shadow_blocks,
          nicolae_wu_jian_wuxing_cycle, nicolae_ru_the_path_less_chosen,
          biasface_ghost_orc_armoury, serial_corexii_hall,
          corexii_hall_statues_l, corexii_hall_statues_t,
          chequers_hall_statues_corner_a, corexii_hall_statues_x
D:5:      kennysheep_kobold_camp, layout_loops_cross, tgw_fedhas, serial_shops,
          kennysheep_mini, uniq_ijyb, uniq_menkaure
D:6:      layout_basic, zin_angel, cheibrodos_sewer_entry_bend, uniq_eustachio,
          uniq_blork_the_orc, uniq_maggie

Skill      XL: |  1  2  3  4  5  6  7  8 |
---------------+-------------------------+-----
Dodging        | 3 4 5 6 8 |  8.4
Stealth        | 3 4 |  4.0
Ice Magic      | 5 7 |  7.4
Spellcasting   | 3 |  3.0
Fighting       | 4 |  4.0
Shields        | 4 |  4.0
Polearms       | 5 |  5.5

Action                     |  1- 3 |  4- 6 |  7- 9 || total
---------------------------+-------+-------+-------++-------
  Melee: Unarmed           |    11 |       |       ||    11
         Dagger            |    36 |   117 |   145 ||   298
         Punch             |       |     1 |     2 ||     3
         Lance             |       |       |    53 ||    53
  Throw: Javelin           |       |       |     3 ||     3
   Cast: Freeze            |    13 |     3 |       ||    16
         Frozen Ramparts   |       |     2 |     4 ||     6
         Ozocubu's Armour  |       |     1 |     3 ||     4
  Evoke: Wand              |       |       |     4 ||     4
    Use: Potion            |     1 |     1 |     6 ||     8
         Scroll            |       |       |     1 ||     1
   Stab: Sleeping          |     8 |     7 |     4 ||    19
         Distracted        |       |     1 |       ||     1
         Paralysed         |       |       |     4 ||     4
 Armour: Robe              |    25 |    49 |    69 ||   143
         Swamp dragon scal |       |       |    54 ||    54
  Dodge: Dodged            |    25 |    89 |   125 ||   239
  Block: Buckler           |       |       |    39 ||    39

Table legend: (Time is in decaauts)
 A = Elapsed time spent in this place.
 B = Non-inter-level travel time spent in this place.
 C = Inter-level travel time spent in this place.
 D = Time resting spent in this place.
 E = Time spent auto-exploring this place.
 F = Levels seen in this place.
 G = Mean time per level.
                   A        B        C        D        E       F      G
               +--------+--------+--------+--------+--------+-----+--------+
         Total |   6009 |   5776 |    233 |    629 |   3984 |   6 | 1001.5 |
       Dungeon |   6009 |   5776 |    233 |    629 |   3984 |   6 | 1001.5 |
               +--------+--------+--------+--------+--------+-----+--------+

Top non-repeatable levels by time:
     D:5: 1829 daAuts
     D:2: 1033 daAuts
     D:4: 949 daAuts
     D:1: 892 daAuts
     D:3: 718 daAuts
     D:6: 586 daAuts
